 Dungeon Sprint DCSS version 0.30-a0-51-g784eafce7f (webtiles) character file.

Game seed: 3633797002555458598

7 Ankalagon the Sneak (level 1, -6/14 HPs)
             Began as a Demigod Enchanter on Sept 5, 2022.
             Mangled by a necrophage (7 damage)
             ... in the Dungeon (Sprint II: "The Violet Keep of Menkaure").
             The game lasted 00:01:09 (63 turns).

Ankalagon the Sneak (Demigod Enchanter)               Turns: 63, Time: 00:01:09

Health: -6/14      AC:  2    Str:  9    XL:     1   Next: 66%
Magic:  6/6        EV: 12    Int: 17    God:
Gold:   243        SH:  0    Dex: 14    Spells: 4/4 levels left

rFire   . . .      SeeInvis .    a - +1 dagger
rCold   . . .      Faith    .    (no shield)
rNeg    . . .      Spirit   .    b - +0 robe
rPois   .          Reflect  .    (no helmet)
rElec   .          Harm     .    (no cloak)
rCorr   .          Rampage  .    (no gloves)
Will    .....      NoTele   +    (no boots)
Stlth   ++........               (no amulet)
HPRegen 0.04/turn                (no ring)
MPRegen 0.10/turn                (no ring)

@: on berserk cooldown, hasted, very quick
A: high MP 1, forlorn, divine attributes
a: no special abilities


You were in the Dungeon.
You visited 1 branch You collected 243 gold pieces.

Inventory:

Hand Weapons
 a - a +1 dagger (weapon)
Armour
 b - a +0 robe (worn)
Scrolls
 i - a scroll of blinking
Potions
 c - 2 potions of invisibility
 d - a potion of curing
 e - a potion of heal wounds
 g - 2 potions of magic


   Skills:
 + Level 1.6 Short Blades
 - Level 1.7 Dodging
 * Level 3.6 Stealth
 + Level 2.2 Spellcasting
 + Level 3.1 Hexes


You had 4 spell levels left.
You didn't know any spells.
Your spell library contained the following spells:

 Spells                   Type           Power      Damage    Failure   Level
 Ensorcelled Hibernation  Hex/Ice        14%        N/A       16%         2
 Confusing Touch          Hex            12%        N/A       16%         3
 Tukima's Dance           Hex            12%        N/A       16%         3
 Dazzling Flash           Conj/Hex       14%        N/A       30%         3


Dungeon Overview and Level Annotations

Branches:
Dungeon (1/1)


Innate Abilities, Weirdness & Mutations

You have an increased reservoir of magic. (+10% MP)
You shall have no god before yourself.
Your divine heritage dramatically boosts your attributes as you level up.


Message History

You see here a worm corpse.
You are no longer berserk.
You are exhausted.
You feel yourself slow down.
You see here a worm corpse.
You start resting.
Magic restored.
There is an open door here.
You see here a worm corpse.
You start waiting.
You feel yourself speed up.
You open the door. 2 wyverns come into view.
Found 243 gold pieces.
You don't know any spells.
Unknown command.
Unknown command.
You close the door.
Okay, then.
Unknown command.
There is a staircase leading out of the dungeon here.
You open the door. 4 necrophages come into view.
The necrophage hits you.
There is an open door, spattered with blood here.
The necrophage attacks as you move away!
The necrophage hits you.
You feel yourself speed up. The necrophage closely misses you.
You hit the necrophage. Your punch misses the necrophage.
The necrophage is lightly damaged.
You hit the necrophage.
The necrophage is lightly damaged.
The necrophage hits you!
Ouch! That really hurt!
* * * LOW HITPOINT WARNING * * *
You closely miss the necrophage.
The necrophage is lightly damaged.
The necrophage hits you!
Ouch! That really hurt!
You die...

## ## ##.
.## ..#m. #
.$. #l #+#
#$##.####
#+.<.††##+
#.##@##...#
#l #n###.##
# #n#n####
#.n ..# ##.
.## ## ##


You could see 4 necrophages.

Vanquished Creatures
  2 worms (D)
2 creatures vanquished.

Notes
Turn   | Place    | Note
-------+----------+-------------------------------------------
     0 | D        | Ankalagon the Demigod Enchanter began the quest for the
                  | Orb.
     0 | D        | Reached XP level 1. HP: 14/14 MP: 5/5
     1 | D        | Noticed a merfolk siren
    19 | D        | Reached skill level 1 in Short Blades
    53 | D        | Noticed a wyvern
    53 | D        | Noticed a wyvern
    57 | D        | Noticed a necrophage
    57 | D        | Noticed a necrophage
    57 | D        | Noticed a necrophage
    57 | D        | Noticed a necrophage
    63 | D        | Mangled by a necrophage

Illustrated notes

Levels and vault maps discovered:
D:        the_violet_keep_of_menkaure [sprint2_stairs_cluster_1,
          sprint2_shoproom, sprint2_temple, sprint2_basic_supplies,
          sprint2_obstacle_3, sprint2_obstacle_1, sprint2_obstacle_6,
          sprint2_obstacle_4, sprint2_obstacle_2, sprint2_timed_cluster_1,
          sprint2_smallroom_cluster_1, sprint2_smallroom_final_cluster_1,
          sprint2_transparent_cluster_1, sprint2_second_timed_cluster_1,
          sprint2_sniper_area_1, sprint2_heavy_combat_area_1,
          sprint2_mutation_trap_area_1, sprint2_forest_area_1,
          sprint2_light_combat_area_1, sprint2_behind_water_1,
          sprint2_near_end_vault_1]

Skill      XL: |  1 |
---------------+----+-----
Short Blades   | 1 |  1.6
Stealth        | 3 |  3.6
Spellcasting   | 2 |  2.2
Hexes          | 3 |  3.1
Dodging        | |  1.7

Action                   || total
-------------------------++-------
Melee: Dagger            ||    12
  Use: Potion            ||     2
Armor: Robe              ||     1
Dodge: Dodged            ||     5

Table legend: (Time is in decaauts)
 A = Elapsed time spent in this place.
 B = Non-inter-level travel time spent in this place.
 C = Inter-level travel time spent in this place.
 D = Time resting spent in this place.
 E = Time spent auto-exploring this place.
 F = Levels seen in this place.
 G = Mean time per level.
                   A        B        C        D        E       F      G
               +--------+--------+--------+--------+--------+-----+--------+
         Total |     72 |     72 |      0 |     34 |      0 |   1 |   72.0 |
       Dungeon |     72 |     72 |      0 |     34 |      0 |   1 |   72.0 |
               +--------+--------+--------+--------+--------+-----+--------+

Top non-repeatable levels by time:
       D: 72 daAuts
